 Dungeon Crawl Stone Soup version 0.31.0-32-g396128a36d (webtiles) character file.

Game seed: 8031964513005054161

10369 KittyFluff the Grappler (level 11, -15/163 HPs)
             Began as a Troll Shapeshifter on Mar 27, 2024.
             Was an Elder of Trog.
             Demolished by a death scarab (24 damage)
             ... in a Gauntlet.
             The game lasted 00:51:41 (8899 turns).

KittyFluff the Grappler (Troll Shapeshifter)        Turns: 8899, Time: 00:51:42

Health: -15/163    AC: 12    Str: 26    XL:     11   Next: 35%
Magic:  10/10      EV: 11    Int:  7    God:    Trog [****..]
Gold:   1754       SH:  5    Dex: 11    Spells: 9/10 levels left

rFire   + .          .
                       - Unarmed
rCold   + + .        (no shield)
rNeg    + . .        d - +0 acid dragon scales
rPois   .            (helmet currently unavailable)
rElec   .            (cloak currently unavailable)
rCorr   +            (gloves unavailable)
SInv    .            (boots unavailable)
Will    .....        B - amulet of reflection Stlth
                     t - ring of the Skies Above {rN+ AC+4}
HPRegen 1.27/turn    M - ring "Zuhil" {rF+ rC+ Int+3 Slay+3 Stlth+}
MPRegen 0.12/turn

%: no teleportation, reflection
@: berserking, beast-form, slowed, studying Maces & Flails
A: beast (slay +4), large, unfitting armour, claws 3, regeneration 1, shaggy fur
1, tough skin 1, cold resistance 1, dopey 1
a: Begin Untransformation, Renounce Religion, Berserk, Trog's Hand, Brothers in
Arms


You were in a Gauntlet.
You worshipped Trog.
Trog was greatly pleased with you.
You were a hulking beast.
You visited 3 branches of the dungeon, and saw 12 of its levels.
You also visited: Bailey and Gauntlet.

You collected 1754 gold pieces.

Inventory:

Hand Weapons
 e - a +2 mace of holy wrath
 x - a +1 glaive of protection
 C - a +1 lajatang of electrocution
 D - the +2 whip of the Zealous God {antimagic, Int+3 Stlth+}
   (You found it on level 4 of the Dungeon)

   Int+3:     It affects your intelligence (+3).
   Stlth+:    It makes you more stealthy.
 V - a +0 arbalest
Missiles
 a - 6 large rocks
 h - 7 stones
 n - 25 poisoned darts
 o - 4 atropa-tipped darts
 p - 27 boomerangs (quivered)
 I - 5 darts of dispersal
 O - 17 curare-tipped darts
 P - 4 datura-tipped darts
 Q - 3 javelins
Armour
 d - +0 acid dragon scales (worn)
 N - a +2 robe of resistance
Jewellery
 l - a +5 ring of evasion
 t - the ring of the Skies Above (left claw) {rN+ AC+4}
   (You found it in a Gauntlet)

   [ring of protection]

   AC+4:      It affects your AC (+4).
   rN+:       It protects you from negative energy.
 B - an amulet of reflection (around neck)
 M - the ring "Zuhil" (right claw) {rF+ rC+ Int+3 Slay+3 Stlth+}
   (You found it on level 7 of the Dungeon)

   [ring of protection from cold]

   Int+3:     It affects your intelligence (+3).
   Slay+3:    It affects your accuracy & damage with ranged weapons and melee
   (+3).
   rF+:       It protects you from fire.
   rC+:       It protects you from cold.
   Stlth+:    It makes you more stealthy.
Talismans
 c - a beast talisman
Wands
 k - a wand of polymorph (3)
 F - a wand of light (11)
 J - a wand of iceblast (4)
Scrolls
 f - 2 scrolls of silence {unknown}
 g - 6 scrolls of teleportation {unknown}
 m - 3 scrolls of fog {unknown}
 q - 3 scrolls of noise {unknown}
 r - 3 scrolls of poison {unknown}
 u - 2 scrolls of enchant weapon {unknown}
 v - 3 scrolls of amnesia {unknown}
 y - 3 scrolls of immolation {unknown}
 A - a scroll of fear {unknown}
 E - a scroll of vulnerability {unknown}
Potions
 b - 3 potions of lignification
 i - 2 potions of might
 j - 5 potions of curing
 s - a potion of magic
 z - a potion of haste
 G - a potion of cancellation
 H - a potion of attraction
 K - 2 potions of berserk rage
 R - 2 potions of enlightenment
 X - a potion of heal wounds {unknown}


   Skills:
 + Level 7.0 Fighting
 + Level 4.5 Throwing
 + Level 3.3 Armour
 + Level 7.3 Dodging
 + Level 8.9 Unarmed Combat
 + Level 8.3 Shapeshifting


You had 9 spell levels left.
You knew the following spells:

 Your Spells              Type           Power      Damage    Failure   Level
a - Apportation           Tloc           0%         N/A       50%         1

Your spell library contained the following spells:

 Spells                   Type           Power      Damage    Failure   Level
 Jinxbite                 Hex            0%         N/A       63%         2
 Dazzling Flash           Conj/Hex       0%         N/A       86%         3
 Volatile Blastmotes      Fire/Tloc      0%         2d10      86%         3
 Alistair's Intoxication  Alch           0%         N/A       100%        5
 Starburst                Conj/Fire      0%         6d3       100%        6
 Maxwell's Capacitive Co  Air            0%         ∞         100%        8


Dungeon Overview and Level Annotations

Branches:
Dungeon (10/15)            Temple (1/1) D:4            Lair (1/5) D:10
    Orc (0/2) D:9          Bailey (visited)         Gauntlet (1/1)

Altars:
Ashenzari
Cheibriados
Dithmenos
Elyvilon
Fedhas
Gozag
Hepliaklqana
Kikubaaqudgha
Makhleb
Nemelex Xobeh
Okawaru
Qazlal
Ru
Sif Muna
Trog
Uskayaw
Vehumet
Wu Jian
Xom
Yredelemnul
Zin
The Shining One

Portals:
Trove: D:10 (give 11 potions of heal wounds)

Annotations:
D:6 2 transporters, zeteo's ghost, novice HOMo
D:10 4 transporters Gauntlet 11 transporters, 4 runed translucent doors


Innate Abilities, Weirdness & Mutations

You are a hulking beast.
Your limbs bulge with bestial killing power. (Slay +4)
You are too large for most types of armour.
You have claws for hands.
Your natural rate of healing is unusually fast.
You are covered in fur. (AC +1)
You have tough skin. (AC +1)
Your flesh is cold resistant. (rC+)
You are dopey. (Int -2)


Message History

Unknown command.
The death scarab bites you!!
The death scarab draws strength from your injuries!
You scratch the death scarab. Your claw misses the death scarab.
The death scarab is lightly damaged.
The death scarab bites you but does no damage.
You scratch the death scarab but do no damage.
The death scarab is lightly damaged.
The death scarab bites you! The death scarab drains your vigour!
You feel yourself slow down.
You claw the death scarab!
The death scarab is heavily damaged.
The death scarab barely misses you. The death scarab closely misses you.
You barely miss the death scarab. Your claw misses the death scarab.
The death scarab is heavily damaged.
You block the death scarab's attack. The death scarab bites you!!
The death scarab draws strength from your injuries!
You completely miss the death scarab.
The death scarab is lightly damaged.
The death scarab bites you. The death scarab drains your vigour!
You feel as though you will be slow longer.
The death scarab draws strength from your injuries!
The death scarab bites you!! The death scarab drains your vigour!
You feel as though you will be slow longer.
The death scarab draws strength from your injuries!
You mangle the death scarab!!
The death scarab is almost destroyed.
The death scarab bites you!
* * * LOW HITPOINT WARNING * * *
The death scarab drains your vigour!
You feel as though you will be slow longer.
The death scarab draws strength from your injuries!
The death scarab bites you!
* * * LOW HITPOINT WARNING * * *
The death scarab drains your vigour!
You feel as though you will be slow longer.
The death scarab draws strength from your injuries!
A red film seems to cover your vision as you go berserk!
You feel yourself moving faster!
You feel mighty! The death scarab bites you!!
You die...

..#############################.§
#...#.©.........©.........©.#...#
≈...#...........©...........#...≈
##..#########################..##
#≈.........#.........#.........≈#
###........#.###Z..#.#........###
#≈#≈#≈#..#...###...#..#§#≈#≈#
#######..#.#...###.#..#######
#≈..#.###hB.#.#..≈#
#######..#...###...#..#######
#≈#≈#≈#..#.#...#.#.#..#≈#§#≈#
###........#.#.#...#.#........###
#≈.........#B.[$©....#.........≈#
##..#########################..##
≈...#...........©...........#.§.§
#...#.©.........©.........©.#.§§#
..#############################..


You could see a spectral black mamba and a death scarab.

Vanquished Creatures
  2 two-headed ogres
  The ghost of Consumeair16 the Blocker, a novice GnFi of Jiyva (D:7)
  The ghost of misterblockey the Mimic, a novice FeBe of Trog (D:9)
  An oklob plant (Gauntlet)
  A black mamba (Lair:1)
  2 shadows (D:9)
  2 wraiths (D:9)
  13 yaks
  2 wyverns
  Grum (D:9)
  2 acid dragons (Gauntlet)
  3 water moccasins
  9 orc warriors
  An ice beast (D:6)
  4 wolves
  2 ogres (D:6)
  A centaur (D:10)
  3 phantoms
  7 kobold brigands
  2 scorpions
  3 bullfrogs
  2 wights (D:7)
  5 killer bees (D:10)
  3 howler monkeys (D:7)
  A bombardier beetle (D:3)
  6 hounds
  2 jellies
  6 orc priests
  A gnoll bouda (D:8)
  An iguana (D:6)
  A sleepcap (D:4)
  10 orc wizards
  6 gnolls
  5 adders
  A shadow imp (D:5)
  4 ufetubi (D:6)
  5 dart slugs
  4 ribbon worms
  34 orcs
  10 ball pythons
  5 bats
  6 endoplasms
  A giant cockroach (D:1)
  8 goblins
  8 hobgoblins
  2 jackals (D:1)
  5 quokkas
  4 frilled lizards
  23 kobolds
  25 rats
257 creatures vanquished.

Notes
Turn   | Place    | Note
-------+----------+-------------------------------------------
     0 | D:1      | KittyFluff the Troll Shapeshifter began the quest for the
                  | Orb.
     0 | D:1      | Reached XP level 1. HP: 18/18 MP: 0/0
    41 | D:1      | Reached skill level 1 in Fighting
    49 | D:1      | Reached XP level 2. HP: 27/27 MP: 1/1
   374 | D:1      | Reached XP level 3. HP: 33/33 MP: 2/2
   908 | D:2      | Found a radiant altar of Vehumet.
  1408 | D:3      | Reached XP level 4. HP: 41/41 MP: 3/3
  1701 | D:3      | Reached XP level 5. HP: 49/49 MP: 4/4
  1751 | D:3      | Learned a level 1 spell: Apportation
  2023 | D:4      | Found a blossoming altar of Fedhas.
  2053 | D:4      | Found an iron altar of Okawaru.
  2059 | D:4      | Noticed a phantom
  2096 | D:4      | Killed a phantom
  2126 | D:4      | Found a staircase to the Ecumenical Temple.
  2156 | Temple   | Entered the Ecumenical Temple
  2180 | Temple   | Became a worshipper of Trog the Wrathful
  2357 | D:4      | Identified the +2 whip of the Zealous God {antimagic, Int+3
                  | Stlth+}
  2526 | D:4      | Reached XP level 6. HP: 59/59 MP: 5/5
  2596 | D:4      | Reached * piety under Trog
  2699 | D:5      | Entered Level 5 of the Dungeon
  2699 | D:5      | Noticed a yak
  2699 | D:5      | Noticed a yak
  2699 | D:5      | Noticed a yak
  2699 | D:5      | Noticed a yak
  2699 | D:5      | Noticed a yak
  2699 | D:5      | Noticed a yak
  2707 | D:4      | Killed a yak
  2714 | D:4      | Killed a yak
  2715 | D:4      | Reached XP level 7. HP: 18/67 MP: 6/6
  3020 | D:5      | Killed a yak
  3021 | D:5      | Reached skill level 5 in Unarmed Combat
  3030 | D:5      | Killed a yak
  3031 | D:5      | Reached skill level 5 in Shapeshifting
  3033 | D:5      | Killed a yak
  3034 | D:5      | Reached XP level 8. HP: 53/78 MP: 7/7
  3383 | D:5      | Found an ornate altar of the Wu Jian Council.
  3794 | D:6      | Reached ** piety under Trog
  3804 | D:6      | Reached skill level 5 in Dodging
  3828 | D:6      | Found a hazy altar of Hepliaklqana.
  3843 | D:6      | Found a shadowy altar of Dithmenos.
  3875 | D:6      | Reached XP level 9. HP: 87/87 MP: 8/8
  3999 | D:6      | Found a transporter.
  4001 | D:6      | Identified the +4 great mace "Otza" {flame, Int+2}
  4001 | D:6      | Identified the +3 dire flail "Jeuch" {speed, rPois Will+}
  4001 | D:6      | Noticed a two-headed ogre
  4002 | D:6      | Found a transporter.
  4002 | D:6      | Noticed zeteo's ghost (novice HOMo)
  4029 | D:6      | Reached skill level 5 in Fighting
  4216 | D:7      | Identified the ring "Zuhil" {rF+ rC+ Int+3 Slay+3 Stlth+}
  4538 | D:7      | Found a runed translucent gate.
  4539 | D:7      | Found a runed translucent gate.
  4540 | D:7      | Found a runed translucent gate.
  4541 | D:7      | Noticed Consumeair16's ghost (novice GnFi)
  4555 | D:7      | Killed Consumeair16's ghost
  4682 | D:7      | Reached skill level 1 in Throwing
  5170 | D:8      | Reached XP level 10. HP: 86/98 MP: 9/9
  5236 | D:8      | Reached *** piety under Trog
  6071 | D:9      | Reached skill level 1 in Armour
  6132 | D:9      | Found a runed translucent gate.
  6132 | D:9      | Noticed Grum
  6143 | D:9      | Killed Grum
  6144 | D:9      | Found a runed translucent gate.
  6144 | D:9      | Found a runed translucent gate.
  6154 | D:9      | Noticed a two-headed ogre
  6165 | D:9      | Killed a two-headed ogre
  6214 | D:9      | Found a flagged portal.
  6253 | Bailey   | Entered a bailey
  6300 | Bailey   | Reached **** piety under Trog
  6544 | Bailey   | Found a bloodstained altar of Trog.
  6789 | D:9      | Found a glowing golden altar of the Shining One.
  7015 | D:9      | Found a staircase to the Orcish Mines.
  7051 | D:9      | Found a stormy altar of Qazlal.
  7051 | D:9      | Found a shimmering altar of Xom.
  7052 | D:9      | Found a radiant altar of Vehumet.
  7088 | D:9      | Found an ancient bone altar of Kikubaaqudgha.
  7160 | D:9      | Noticed misterblockey's ghost (novice FeBe)
  7181 | D:9      | Killed misterblockey's ghost
  7186 | D:9      | Reached XP level 11. HP: 47/107 MP: 10/10
  7188 | D:9      | HP: 2/107 [something (29)]
  7189 | D:9      | Gained mutation: Your flesh is cold resistant. (rC+)
                  | [potion of mutation]
  7189 | D:9      | Gained mutation: You are dopey. (Int -2) [potion of
                  | mutation]
  7281 | D:9      | Identified the +5 falchion of the Crafting Augurer {heavy,
                  | *Noise Int+9 Dex-2 Stlth+}
  7314 | D:10     | Entered Level 10 of the Dungeon
  7922 | D:10     | Found a transporter.
  7928 | D:10     | Found a transporter.
  8154 | D:10     | Found a staircase to the Lair.
  8174 | D:10     | Found a transporter.
  8344 | D:10     | Found a transporter.
  8368 | D:10     | Noticed a two-headed ogre
  8377 | D:10     | Killed a two-headed ogre
  8562 | D:10     | Found a portal to a secret trove of treasure.
  8621 | Lair:1   | Entered Level 1 of the Lair of Beasts
  8621 | Lair:1   | Found a gate leading to a gauntlet.
  8638 | Gauntlet | Entered a Gauntlet
  8638 | Gauntlet | Found a transporter.
  8638 | Gauntlet | Found a transporter.
  8660 | Gauntlet | Found a transporter.
  8665 | Gauntlet | Noticed a death scarab
  8669 | Gauntlet | Found a transporter.
  8669 | Gauntlet | Found a transporter.
  8672 | Gauntlet | Found a transporter.
  8672 | Gauntlet | Found a transporter.
  8674 | Gauntlet | Found a transporter.
  8681 | Gauntlet | Noticed a hell hog
  8688 | Gauntlet | Found a transporter.
  8698 | Gauntlet | Found a runed translucent door.
  8702 | Gauntlet | Found a transporter.
  8704 | Gauntlet | Noticed an arcanist
  8708 | Gauntlet | Noticed a death scarab
  8708 | Gauntlet | Noticed a death scarab
  8709 | Gauntlet | Noticed an occultist
  8710 | Gauntlet | Found a runed translucent gate.
  8711 | Gauntlet | Found a transporter.
  8711 | Gauntlet | Found a runed translucent gate.
  8712 | Gauntlet | Found a runed translucent gate.
  8726 | Gauntlet | Found a transporter.
  8751 | Gauntlet | Found a transporter.
  8751 | Gauntlet | Noticed an oklob plant
  8763 | Gauntlet | Found a transporter.
  8856 | Gauntlet | Killed an oklob plant
  8871 | Gauntlet | Identified the ring of the Skies Above {rN+ AC+4}
  8898 | Gauntlet | HP: 5/109 [death scarab (14)]
  8899 | Gauntlet | Demolished by a death scarab

Illustrated notes

Levels and vault maps discovered:
D:1:      tarquinn_simple_flora_water_c, layout_rooms
D:2:      layout_basic, basic_altar, kennysheep_generic_room_16
D:3:      minmay_chambers_of_twos, layout_rooms, small_statue_intersection
D:4:      layout_basic, mainiacjoe_overflow_boulevard, general_overflow_altar,
          minmay_temple_entry_statues_fountains, serial_bayou_pond_a,
          minmay_rat_hole
D:5:      layout_loops_ring, nzn_wu_jian_council_hall
D:6:      layout_rooms, riverfiend_overflow_shadow_ancestor,
          gammafunk_ghost_smash
D:7:      layout_loops_ring, ebering_ghost_rock_garden
D:8:      layout_gridville
D:9:      layout_loops_corners, lemuel_round_altar, old_standard_altar,
          gammafunk_temple_overflow_claw, orc_0_dummy, enter_bailey_4,
          gammafunk_ghost_spectres, uniq_grum
D:10:     layout_stronghold, erik_lair_orcish_takeover, enter_trove_3,
          nicolae_transporter_intersection
Temple:   minmay_temple_forest_path
Lair:1:   layout_hall_layers, gauntlet_entry_generic, lemuel_fruit_fields,
          lemuel_fruit_tree
Gauntlet: gammafunk_gauntlet_mixed_choke_point
          [minmay_gauntlet_arena_77_two_lines,
          minmay_gauntlet_arena_77_broken_ladder,
          minmay_gauntlet_arena_77_double_cross, nicolae_gauntlet_arena_grate_2,
          minmay_gauntlet_arena_77_box, minmay_gauntlet_arena_77_path,
          minmay_gauntlet_arena_77_run_for_it,
          nicolae_gauntlet_exit_dead_adventurers]

Skill      XL: |  1  2  3  4  5  6  7  8  9 10 11 |
---------------+----------------------------------+-----
Fighting       | 1 2 3 4 5 6 7 |  7.0
Dodging        | 2 3 4 5 6 7 |  7.3
Unarmed Combat | 4 5 6 7 8 |  8.9
Shapeshifting  | 4 5 6 7 8 |  8.3
Throwing       | 1 3 4 |  4.5
Armour         | 2 3 |  3.3

Action                     |  1- 3 |  4- 6 |  7- 9 | 10-12 || total
---------------------------+-------+-------+-------+-------++-------
  Melee: Unarmed           |   121 |   132 |   200 |   209 ||   662
         Punch             |     1 |     2 |     7 |    10 ||    20
  Throw: Stone             |     6 |    12 |    21 |    58 ||    97
         Boomerang         |       |       |       |    23 ||    23
 Invoke: Berserk           |       |       |       |     1 ||     1
    Use: Scroll            |       |       |     8 |     1 ||     9
         Potion            |       |       |       |     2 ||     2
   Stab: Sleeping          |       |       |       |     1 ||     1
 Armour: Animal skin       |    59 |    41 |    34 |       ||   134
         Robe              |       |       |    24 |    81 ||   105
         Acid dragon scale |       |       |       |    11 ||    11
  Dodge: Dodged            |    72 |    69 |    98 |    90 ||   329
  Block: Other             |       |    11 |    26 |    29 ||    66
         Reflection        |       |       |     1 |     6 ||     7
